 Dungeon Crawl Stone Soup version 0.29.1-13-g9f3cf754e1 (webtiles) character file.

Game seed: 17954722479519905897

2227 sweetbreads the Geomancer (level 9, -1/47 HPs)
             Began as a Gargoyle Earth Elementalist on Jan 22, 2023.
             Slain by a wight
             ... wielding a +0 halberd
              (8 damage)
             ... on level 7 of the Dungeon.
             The game lasted 00:17:45 (5570 turns).

sweetbreads the Geomancer (GrEE)                    Turns: 5570, Time: 00:17:46

Health: -1/47      AC: 11    Str: 12    XL:     9   Next: 36%
Magic:  20/21      EV: 12    Int: 20    God:
Gold:   340        SH:  0    Dex: 10    Spells: 4/12 levels left

rFire   . . .      SeeInvis +   a - +3 dagger (elec)
rCold   . . .      Faith    .   (no shield)
rNeg    + . .      Spirit   .   l - +0 robe
rPois   ∞          Reflect  .   E - +2 hat
rElec   +          Harm     .   q - +0 cloak
rCorr   .          Rampage  .   (no gloves)
Will    .....                   (no boots)
Stlth   +++.......              F - amulet of magic regeneration
HPRegen 0.15/turn               s - ring of magical power
MPRegen 0.57/turn               t - ring of see invisible

@: no status effects
A: sickness immunity, AC +6, negative energy resistance 1, electricity
resistance, torment resistance 1, petrification resistance
a: no special abilities


You were on level 7 of the Dungeon.
You visited 1 branch of the dungeon, and saw 7 of its levels.

You collected 340 gold pieces.

Inventory:

Hand Weapons
 a - a +3 dagger of electrocution (weapon)
 j - a +1 dagger of speed
 k - a +0 club
 z - a +0 morningstar
 I - a +1 dagger of venom
 L - a +2 vampiric trident
 P - a +3 battleaxe of freezing
Missiles
 g - 26 poisoned darts (quivered)
Armour
 l - a +0 robe (worn)
 q - a +0 cloak (worn)
 E - a +2 hat (worn)
Jewellery
 d - an amulet of faith
 e - a ring of flight
 s - a ring of magical power (left hand)
 t - a ring of see invisible (right hand)
 F - an amulet of magic regeneration (around neck)
 O - an amulet of guardian spirit
Wands
 y - a wand of flame (20)
 B - a wand of quicksilver (3)
Scrolls
 i - 2 scrolls of vulnerability {unknown}
 m - 3 scrolls of magic mapping {unknown}
 n - 3 scrolls of teleportation {unknown}
 o - 2 scrolls of blinking {unknown}
 p - 9 scrolls of identify {unknown}
 r - 2 scrolls of immolation {unknown}
 v - a scroll of torment {unknown}
 x - a scroll of enchant armour {unknown}
 C - a scroll of enchant weapon {unknown}
 H - a scroll of noise {unknown}
 K - a scroll of amnesia {unknown}
 M - a scroll of fog {unknown}
 N - a scroll of fear {unknown}
Potions
 b - 2 potions of magic
 c - a potion of might {unknown}
 f - a potion of curing {unknown}
 h - 2 potions of lignification {unknown}
 u - a potion of haste {unknown}
 w - a potion of heal wounds {unknown}
 A - a potion of flight {unknown}
 D - a potion of brilliance {unknown}
 G - a potion of mutation {unknown}
 J - a potion of attraction {unknown}


   Skills:
 * Level 1.4 Fighting
 - Level 2.0 Dodging
 * Level 5.4 Stealth
 - Level 2.0 Spellcasting
 * Level 4.2 Conjurations
 - Level 1.0 Transmutations
 - Level 12.0 Earth Magic
 * Level 3.3 Evocations


You had 4 spell levels left.
You knew the following spells:

 Your Spells              Type           Power      Damage    Failure   Level
a - Sandblast             Erth           100%       2d20      1%          1
b - Stone Arrow           Conj/Erth      68%        3d11      1%          3
c - Petrify               Tmut/Erth      28%        N/A       11%         4

Your spell library contained the following spells:

 Spells                   Type           Power      Damage    Failure   Level
 Passwall                 Tmut/Erth      23%        N/A       1%          2
 Leda's Liquefaction      Hex/Erth       13%        N/A       13%         4
 Dazzling Flash           Conj/Hex       20%        N/A       21%         3
 Call Canine Familiar     Summ           2%         N/A       43%         3
 Portal Projectile        Hex/Tloc       4%         N/A       43%         3
 Agony                    Necr           2%         N/A       99%         5
 Silence                  Hex/Air        1%         N/A       99%         5


Dungeon Overview and Level Annotations

Branches:
Dungeon (7/15)
 Temple: D:4-7

Altars:
Fedhas
Kikubaaqudgha
Nemelex Xobeh
Trog

Annotations:
D:5 1 runed translucent door, SirLogeyBear's ghost, novice HOBe
D:6 2 runed translucent doors


Innate Abilities, Weirdness & Mutations

You are immune to sickness and miasma.
Your stone body is resilient. (AC +6)
You are immune to poison.
You resist negative energy. (rN+)
You are resistant to electric shocks. (rElec)
You are resistant to unholy torment.
You are immune to petrification.


Message History

Aiming: Sandblast (safe; 1% risk of failure)
Press: ? - help, Shift-Dir - straight line, f - wight, p - wight
Aim: a wight, wielding a +2 flail of freezing and wearing a +0 robe (85% to hit)
The blast of sand hits the wight!
You destroy the wight!
Unknown command.
Casting: Sandblast (safe; 1% risk of failure)
Confirm with . or Enter, or press ? or * to list all spells.
Aiming: Sandblast (safe; 1% risk of failure)
Press: ? - help, Shift-Dir - straight line, f/p - wight
Aim: a wight, wielding a +2 flail of freezing and wearing a +0 robe (85% to hit)
The blast of sand hits the wight!
The wight is heavily damaged.
The wight hits you but does no damage.
Casting: Sandblast (safe; 1% risk of failure)
Confirm with . or Enter, or press ? or * to list all spells.
Aiming: Sandblast (safe; 1% risk of failure)
Press: ? - help, Shift-Dir - straight line, f/p - wight
Aim: a wight, wielding a +2 flail of freezing and wearing a +0 robe (85% to hit)
The blast of sand hits the wight!!
You destroy the wight!
The wight hits you from afar with a +0 halberd! x2
* * * LOW HITPOINT WARNING * * *
Unknown command.
You see here a bullfrog corpse.
Casting: Sandblast (safe; 1% risk of failure)
Confirm with . or Enter, or press ? or * to list all spells.
Aiming: Sandblast (safe; 1% risk of failure)
Press: ? - help, Shift-Dir - straight line, f - wight
Aim: a wight, wielding a +0 halberd and wearing a +0 robe (heavily damaged, 85% to hit)
The blast of sand hits the wight but does no damage.
The wight is heavily damaged.
Casting: Sandblast (safe; 1% risk of failure)
Confirm with . or Enter, or press ? or * to list all spells.
Aiming: Sandblast (safe; 1% risk of failure)
Press: ? - help, Shift-Dir - straight line, f/p - wight
Aim: a wight, wielding a +0 halberd and wearing a +0 robe (heavily damaged, 85% to hit)
The blast of sand misses the wight.
The wight hits you from afar with a +0 halberd!
You die...

#......#
####......#
.........#
#.......#
#..)....# #...#
#.).#
####..z#########
.........@......#
#####...#######.#
##### #.<.# #.###
#.# #.# #.# #.#
#.#


You could see a wight.

Vanquished Creatures
  2 water moccasins
  A black bear (D:6)
  5 ogres
  2 centaurs
  2 phantoms
  2 bullfrogs
  A necrophage (D:6)
  3 scorpions
  4 wights (D:7)
  2 hounds
  2 orc priests (D:5)
  2 jellies
  An iguana (D:5)
  7 orc wizards
  A gnoll (D:1)
  11 adders
  2 white imps
  2 ufetubi
  3 worms
  A dart slug (D:5)
  17 orcs
  3 ball pythons
  9 endoplasms
  2 giant cockroaches
  14 goblins
  4 hobgoblins
  7 jackals
  7 kobolds
  3 quokkas
  3 bats (D:1)
  2 frilled lizards
  5 rats
132 creatures vanquished.

Vanquished Creatures (others)
  A plant (D:1)
1 creature vanquished.

Grand Total: 133 creatures vanquished

Notes
Turn   | Place    | Note
-------+----------+-------------------------------------------
     0 | D:1      | sweetbreads the Gargoyle Earth Elementalist began the quest
                  | for the Orb.
     0 | D:1      | Reached XP level 1. HP: 10/10 MP: 3/3
   166 | D:1      | Reached skill level 1 in Transmutations
   166 | D:1      | Reached XP level 2. HP: 15/15 MP: 3/5
   283 | D:2      | Reached skill level 4 in Earth Magic
   472 | D:1      | Reached XP level 3. HP: 12/19 MP: 1/6
   478 | D:1      | Learned a level 3 spell: Stone Arrow
  1318 | D:2      | Reached skill level 5 in Earth Magic
  1612 | D:3      | Reached XP level 4. HP: 24/24 MP: 5/7
  1649 | D:3      | Found a faded altar of an unknown god.
  1651 | D:3      | Noticed an eye of devastation
  1651 | D:3      | Noticed a floating eye
  1652 | D:3      | Noticed a golden eye
  1652 | D:3      | Noticed a shining eye
  1678 | D:3      | Reached skill level 1 in Conjurations
  2311 | D:3      | Reached XP level 5. HP: 28/28 MP: 8/8
  2545 | D:4      | Reached skill level 6 in Earth Magic
  2743 | D:5      | Entered Level 5 of the Dungeon
  3003 | D:4      | Reached skill level 1 in Evocations
  3003 | D:4      | Reached XP level 6. HP: 32/32 MP: 9/9
  3014 | D:4      | Learned a level 4 spell: Petrify
  3132 | D:4      | Reached skill level 7 in Earth Magic
  3315 | D:4      | Reached XP level 7. HP: 36/36 MP: 10/10
  3688 | D:5      | Reached skill level 8 in Earth Magic
  3839 | D:5      | Reached skill level 9 in Earth Magic
  3905 | D:5      | Reached XP level 8. HP: 41/41 MP: 11/11
  4161 | D:5      | Found a runed translucent door.
  4165 | D:5      | Noticed SirLogeyBear's ghost (novice HOBe)
  4452 | D:6      | Reached skill level 10 in Earth Magic
  4476 | D:6      | Found a large runed translucent door.
  4477 | D:6      | Found a large runed translucent door.
  4554 | D:6      | Found a blossoming altar of Fedhas.
  4745 | D:6      | Reached skill level 11 in Earth Magic
  4746 | D:6      | Found a sparkling altar of Nemelex Xobeh.
  4832 | D:6      | Found an ancient bone altar of Kikubaaqudgha.
  4836 | D:6      | Found a bloodstained altar of Trog.
  4847 | D:6      | Reached XP level 9. HP: 36/45 MP: 12/12
  5354 | D:7      | Reached skill level 5 in Stealth
  5357 | D:7      | Reached skill level 12 in Earth Magic
  5559 | D:7      | Reached skill level 1 in Fighting
  5570 | D:7      | Slain by a wight

Illustrated notes

Levels and vault maps discovered:
D:1:      minmay_arrival_hallway, layout_basic, nicolae_grassy_gnolls
D:2:      layout_rooms
D:3:      layout_basic, hellmonk_ecumenical_altar_watching_god
D:4:      layout_gridville
D:5:      layout_rooms, gammafunk_ghost_grave, nicolae_kite_square_tiling_tiny
D:6:      layout_cave_pods, nemelex_dance_club_becter,
          nicolae_overflow_hidden_temple, jmf_multi_god_temple2,
          corexii_item_surrounded_by_moat
D:7:      layout_basic, minmay_temple_entry_offerings

Skill      XL: |  1  2  3  4  5  6  7  8  9 |
---------------+----------------------------+-----
Transmutations | 1 |  1.0
Earth Magic    | 4 5 6 7 9 11 12 | 12.0
Conjurations   | 1 2 3 4 |  4.2
Stealth        | 3 4 5 |  5.4
Dodging        | 2 |  2.0
Evocations     | 1 2 3 |  3.3
Fighting       | 1 |  1.4
Spellcasting   | |  2.0

Action                   |  1- 3 |  4- 6 |  7- 9 || total
-------------------------+-------+-------+-------++-------
Melee: Dagger            |     3 |     4 |     4 ||    11
       Club              |     3 |       |       ||     3
Throw: Dart              |       |       |     5 ||     5
 Cast: Sandblast         |    49 |    81 |    98 ||   228
Armor: Robe              |     5 |    11 |    21 ||    37
Dodge: Dodged            |     8 |    21 |    25 ||    54
